3L
ROCKY MOUNTAIN NUGGETS @ CAPITAL DISTRICT RED KNIGHTS
09/21/2025
 
TOP OF THE 1ST
Rocky Mountain Nuggets batting - Pitching for Capital District Red Knights : RHP Juan Montoya
Pitching: RHP Juan Montoya
Batting: LHB Juan Ríos 0-0: Ball
1-0: Ball
2-0: Ball
3-0: Base on Balls
Batting: RHB Iván Vega 0-0: Called Strike
Juan Ríos steals 2nd base
0-1: Ball
1-1: Called Strike
1-2: Ball
2-2: Ball
3-2: Foul Ball, location: 2F
3-2: Foul Ball, location: 2F
3-2: 2-RUN HOME RUN (Flyball, 7D), Distance : 347 ft
Batting: LHB Javier Sánchez 0-0: Ball
1-0: SOLO HOME RUN (Flyball, 89XD), Distance : 380 ft
Batting: RHB Andrés Rodríguez 0-0: Ball
1-0: Called Strike
1-1: Foul Ball, location: 2F
1-2: Strikes out swinging
Batting: LHB Randy Bowen 0-0: Called Strike
0-1: Swinging Strike
0-2: Ball
1-2: Ball
2-2: Fly out, F8 (Line Drive, 78D)
Batting: RHB Paul Smith 0-0: Ball
1-0: Foul Ball, location: 2F
1-1: Ball
2-1: Called Strike
2-2: SINGLE (Groundball, 56D)
Batting: RHB Gary Chalmers 0-0: Ball
1-0: Called Strike
1-1: Ball
2-1: Called Strike
2-2: Strikes out swinging
Top of the 1st over - 3 run(s), 3 hit(s), 0 error(s), 1 left on base; Rocky Mountain 3 - Capital District 0
BOTTOM OF THE 1ST
Capital District Red Knights batting - Pitching for Rocky Mountain Nuggets : RHP Cipriano Costa
Pitching: RHP Cipriano Costa
Batting: RHB Danilo Mosca 0-0: Ball
1-0: SOLO HOME RUN (Flyball, 8RXD), Distance : 427 ft
Batting: RHB José Paz 0-0: Ball
1-0: Foul Ball, location: 2F
1-1: Ball
2-1: Foul Ball, location: 2F
2-2: Reached on error, E1 (Groundball, 13)
Batting: RHB Sergio Ortíz 0-0: Ball
1-0: Ball
2-0: Foul Ball, location: 2F
2-1: Swinging Strike
2-2: Ball
3-2: Foul Ball, location: 2F
3-2: Ground out 4-3 (Groundball, 4M)
José Paz to second
Batting: RHB Barry Dempsey 0-0: Called Strike
0-1: Swinging Strike
0-2: Strikes out swinging
Batting: RHB Chris Costa 0-0: Called Strike
0-1: Ball
1-1: Fly out, F5 (Popup, 5S)
Bottom of the 1st over - 1 run(s), 1 hit(s), 1 error(s), 1 left on base; Rocky Mountain 3 - Capital District 1
TOP OF THE 2ND
Rocky Mountain Nuggets batting - Pitching for Capital District Red Knights : RHP Juan Montoya
Batting: RHB Javier Martínez 0-0: Ball
1-0: Called Strike
1-1: Ground out 5-3 (Groundball, 56S)
Batting: RHB Mark Melton 0-0: Ball
1-0: Foul Ball, location: 2F
1-1: Ball
2-1: Ball
3-1: Base on Balls
Batting: LHB Juan Ríos 0-0: Fly out, F9 (Flyball, 9LS)
Batting: RHB Iván Vega 0-0: Ball
1-0: Called Strike
1-1: Fielders Choice at 2nd, 6-4 (Groundball, 6)
Top of the 2nd over - 0 run(s), 0 hit(s), 0 error(s), 0 left on base; Rocky Mountain 3 - Capital District 1
BOTTOM OF THE 2ND
Capital District Red Knights batting - Pitching for Rocky Mountain Nuggets : RHP Cipriano Costa
Batting: LHB Mike Cook 0-0: Called Strike
0-1: DOUBLE (Flyball, 78XD)
Batting: RHB Alfonso Enríquez 0-0: Called Strike
0-1: Ball
1-1: Ball
2-1: Ground out 6-3 (Groundball, 6)
Batting: SHB Bernardo Hernández 0-0: Swinging Strike
0-1: Ball
1-1: Ball
2-1: Ball
3-1: Foul Ball, location: 2F
3-2: Ground out 4-3 (Groundball, 4)
Mike Cook to third
Batting: LHB Peter Paul 0-0: Called Strike
0-1: Fly out, F8 (Flyball, 8LM)
Bottom of the 2nd over - 0 run(s), 1 hit(s), 0 error(s), 1 left on base; Rocky Mountain 3 - Capital District 1
TOP OF THE 3RD
Rocky Mountain Nuggets batting - Pitching for Capital District Red Knights : RHP Juan Montoya
Batting: LHB Javier Sánchez 0-0: Called Strike
0-1: Ball
1-1: Foul Ball, location: 2F
1-2: Foul Ball, location: 2F
1-2: Strikes out swinging
Batting: RHB Andrés Rodríguez 0-0: Ball
1-0: Foul Ball, location: 2F
1-1: Foul Ball, location: 2F
1-2: Ball
2-2: Ground out 5-3 (Groundball, 5)
Batting: LHB Randy Bowen 0-0: Called Strike
0-1: Ball
1-1: Foul Ball, location: 2F
1-2: Foul Ball, location: 2F
1-2: Fly out, F6 (Line Drive, 6M)
Top of the 3rd over - 0 run(s), 0 hit(s), 0 error(s), 0 left on base; Rocky Mountain 3 - Capital District 1
BOTTOM OF THE 3RD
Capital District Red Knights batting - Pitching for Rocky Mountain Nuggets : RHP Cipriano Costa
Batting: RHB Danilo Mosca 0-0: Called Strike
0-1: Foul Ball, location: 2F
0-2: SINGLE (Flyball, 89S)
Batting: RHB José Paz 0-0: Ground out 5-3 (Groundball, 56S)
Danilo Mosca to second
Batting: RHB Sergio Ortíz 0-0: Ball
1-0: Swinging Strike
1-1: Ball
2-1: Called Strike
2-2: Strikes out looking
Batting: RHB Barry Dempsey 0-0: Called Strike
0-1: Ground out 1-3 (Groundball, P)
Bottom of the 3rd over - 0 run(s), 1 hit(s), 0 error(s), 1 left on base; Rocky Mountain 3 - Capital District 1
TOP OF THE 4TH
Rocky Mountain Nuggets batting - Pitching for Capital District Red Knights : RHP Juan Montoya
Batting: RHB Paul Smith 0-0: Foul Ball, location: 2F
0-1: Ball
1-1: Ball
2-1: Called Strike
2-2: Ground out 6-3 (Groundball, 6M)
Batting: RHB Gary Chalmers 0-0: Fly out, F9 (Flyball, 9LS)
Now in RF: Reggie Kahn
Batting: RHB Javier Martínez 0-0: Ball
1-0: Foul Ball, location: 2F
1-1: Fly out, F8 (Flyball, 8LS)
Top of the 4th over - 0 run(s), 0 hit(s), 0 error(s), 0 left on base; Rocky Mountain 3 - Capital District 1
BOTTOM OF THE 4TH
Capital District Red Knights batting - Pitching for Rocky Mountain Nuggets : RHP Cipriano Costa
Batting: RHB Reggie Kahn 0-0: Ball
1-0: Foul Ball, location: 2F
1-1: Ball
2-1: Ball
3-1: Foul Ball, location: 2F
3-2: Foul Ball, location: 2F
3-2: Foul Ball, location: 2F
3-2: Base on Balls
Batting: LHB Mike Cook 0-0: Ball
1-0: Ball
2-0: Foul Ball, location: 2F
2-1: SINGLE (Line Drive, 89S)
Reggie Kahn to second
Batting: RHB Alfonso Enríquez 0-0: Foul Ball, location: 2F
0-1: Foul Ball, location: 2F
0-2: Ball
1-2: Ball
2-2: Ball
3-2: Fielders Choice at 2nd, 1-4 (Groundball, 15S)
Reggie Kahn to third
Batting: SHB Bernardo Hernández 0-0: Ball
1-0: Called Strike
1-1: Fielders Choice at 2nd, 1-6 (Groundball, 13)
Batting: LHB Peter Paul 0-0: Called Strike
0-1: Ball
1-1: Ground out 1-3 (Groundball, 13)
Bottom of the 4th over - 0 run(s), 1 hit(s), 0 error(s), 2 left on base; Rocky Mountain 3 - Capital District 1
TOP OF THE 5TH
Rocky Mountain Nuggets batting - Pitching for Capital District Red Knights : RHP Juan Montoya
Batting: RHB Mark Melton 0-0: Ball
1-0: Ball
2-0: Ball
3-0: Called Strike
3-1: Foul Ball, location: 2F
3-2: Ground out 5-3 (Groundball, 56)
Batting: LHB Juan Ríos 0-0: Fly out, F3 (Line Drive, 34)
Batting: RHB Iván Vega 0-0: Foul Ball, location: 2F
0-1: Foul Ball, location: 2F
0-2: SINGLE (Line Drive, 8LS)
Batting: LHB Javier Sánchez 0-0: Foul Ball, location: 2F
0-1: Ball
1-1: Ball
2-1: Ball
3-1: Fielders Choice at 2nd, 5-4 (Groundball, 5)
Top of the 5th over - 0 run(s), 1 hit(s), 0 error(s), 0 left on base; Rocky Mountain 3 - Capital District 1
BOTTOM OF THE 5TH
Capital District Red Knights batting - Pitching for Rocky Mountain Nuggets : RHP Cipriano Costa
Batting: RHB Danilo Mosca 0-0: Ball
1-0: Ball
2-0: Called Strike
2-1: Ball
3-1: Base on Balls
Batting: RHB José Paz 0-0: Called Strike
Danilo Mosca steals 2nd base
0-1: Swinging Strike
0-2: Foul Ball, location: 2F
0-2: Ball
1-2: Fly out, F7 (Flyball, 78S)
Batting: RHB Sergio Ortíz 0-0: Ball
1-0: Ball
2-0: Foul Ball, location: 2F
2-1: Ball
3-1: Foul Ball, location: 2F
3-2: Foul Ball, location: 2F
3-2: SINGLE (Line Drive, 56D)
Danilo Mosca to third
Runner from 3rd tries for Home, SAFE, no throw
Batting: RHB Barry Dempsey 0-0: Ball
1-0: Ball
2-0: Foul Ball, location: 2F
2-1: Ball
3-1: Base on Balls
Sergio Ortíz to second
Batting: RHB Reggie Kahn 0-0: Foul Ball, location: 2F
0-1: Foul Ball, location: 2F
0-2: SINGLE (Line Drive, 4D)
Sergio Ortíz to third
Barry Dempsey to second
Batting: LHB Mike Cook 0-0: Ball
1-0: Grounds into double play, 3-6-3 (Groundball, 34)
Bottom of the 5th over - 1 run(s), 2 hit(s), 0 error(s), 2 left on base; Rocky Mountain 3 - Capital District 2
TOP OF THE 6TH
Rocky Mountain Nuggets batting - Pitching for Capital District Red Knights : RHP Juan Montoya
Batting: RHB Andrés Rodríguez 0-0: SINGLE (Groundball, 4MD)
Batting: LHB Randy Bowen 0-0: Called Strike
0-1: Ground out 6-3 (Groundball, 6S)
Andrés Rodríguez to second
Batting: RHB Paul Smith 0-0: Ball
1-0: Called Strike
1-1: Ball
2-1: Ball
3-1: Base on Balls
Batting: RHB Gary Chalmers 0-0: Swinging Strike
0-1: Fly out, F8 (Flyball, 89M)
Batting: RHB Javier Martínez 0-0: Ball
1-0: Called Strike
1-1: Swinging Strike
1-2: Strikes out swinging
Top of the 6th over - 0 run(s), 1 hit(s), 0 error(s), 2 left on base; Rocky Mountain 3 - Capital District 2
BOTTOM OF THE 6TH
Capital District Red Knights batting - Pitching for Rocky Mountain Nuggets : RHP Cipriano Costa
Now at C: Juan Sánchez
Batting: RHB Alfonso Enríquez 0-0: SINGLE (Groundball, 6MD)
Batting: SHB Bernardo Hernández 0-0: Sac Bunt - play at first, batter OUT! 1-3
Alfonso Enríquez to second
Batting: LHB Peter Paul 0-0: Ball
1-0: Ball
2-0: SINGLE (Groundball, 34D)
Alfonso Enríquez to third
Runner from 3rd tries for Home, SAFE, throw made home
Peter Paul to second
Pitching: RHP Jorge Garza
Batting: RHB Danilo Mosca 0-0: Ball
1-0: Ball
2-0: Fly out, F9 (Flyball, 9S)
Batting: RHB José Paz 0-0: Fly out, F9 (Flyball, 9LS)
Bottom of the 6th over - 1 run(s), 2 hit(s), 0 error(s), 1 left on base; Rocky Mountain 3 - Capital District 3
TOP OF THE 7TH
Rocky Mountain Nuggets batting - Pitching for Capital District Red Knights : RHP Juan Montoya
Batting: RHB Mark Melton 0-0: Ball
1-0: Ball
2-0: Foul Ball, location: 2F
2-1: Swinging Strike
2-2: Ball
3-2: Strikes out looking
Batting: LHB Juan Ríos 0-0: Ball
1-0: Called Strike
1-1: Foul Ball, location: 2F
1-2: Foul Ball, location: 2F
1-2: Hit by Pitch
Batting: RHB Iván Vega 0-0: Called Strike
0-1: Called Strike
0-2: Grounds into double play, 6-4-3 (Groundball, 6)
Top of the 7th over - 0 run(s), 0 hit(s), 0 error(s), 0 left on base; Rocky Mountain 3 - Capital District 3
BOTTOM OF THE 7TH
Capital District Red Knights batting - Pitching for Rocky Mountain Nuggets : RHP Jorge Garza
Batting: RHB Sergio Ortíz 0-0: Swinging Strike
0-1: Ball
1-1: Called Strike
1-2: Strikes out swinging
Batting: RHB Barry Dempsey 0-0: Foul Ball, location: 2F
0-1: Ball
1-1: Ground out 5-3 (Groundball, 56)
Batting: RHB Reggie Kahn 0-0: Fly out, F7 (Flyball, 7S)
Bottom of the 7th over - 0 run(s), 0 hit(s), 0 error(s), 0 left on base; Rocky Mountain 3 - Capital District 3
TOP OF THE 8TH
Rocky Mountain Nuggets batting - Pitching for Capital District Red Knights : RHP Juan Montoya
Batting: LHB Javier Sánchez 0-0: SOLO HOME RUN (Flyball, 8RXD), Distance : 436 ft
Batting: RHB Andrés Rodríguez 0-0: Called Strike
0-1: Ball
1-1: Foul Ball, location: 2F
1-2: Foul Ball, location: 2F
1-2: Ball
2-2: Foul Ball, location: 2F
2-2: Foul Ball, location: 2F
2-2: Ball
3-2: Base on Balls
Pitching: RHP Oswaldo Mobray
Batting: LHB Randy Bowen 0-0: Ball
1-0: Ball
2-0: Called Strike
2-1: Ball
3-1: SINGLE (Groundball, 34D)
Andrés Rodríguez to second
Runner from 2nd tries for 3rd, SAFE, no throw
Pinch Hitting: RHB Michael Riley 0-0: Called Strike
0-1: Foul Ball, location: 2F
0-2: Strikes out swinging
Batting: SHB Juan Sánchez 0-0: Ball
Randy Bowen is caught stealing 2nd base
1-0: Ball
2-0: Called Strike
2-1: Ball
3-1: SINGLE (Flyball, 9S)
Andrés Rodríguez scores
Batting: RHB Javier Martínez 0-0: Called Strike
0-1: Foul Ball, location: 2F
0-2: Foul Ball, location: 2F
0-2: Strikes out swinging
Top of the 8th over - 2 run(s), 3 hit(s), 0 error(s), 1 left on base; Rocky Mountain 5 - Capital District 3
BOTTOM OF THE 8TH
Capital District Red Knights batting - Pitching for Rocky Mountain Nuggets : RHP Jorge Garza
Now at 3B: Mike Green
Batting: LHB Mike Cook 0-0: Ball
1-0: Swinging Strike
1-1: Called Strike
1-2: Ball
2-2: Fly out, F8 (Line Drive, 78M)
Batting: RHB Alfonso Enríquez 0-0: Ball
1-0: Foul Ball, location: 2F
1-1: Fly out, F9 (Flyball, 9)
Batting: SHB Bernardo Hernández 0-0: SINGLE (Groundball, 34D)
Batting: LHB Peter Paul 0-0: Fly out, F8 (Flyball, 8LM)
Bottom of the 8th over - 0 run(s), 1 hit(s), 0 error(s), 1 left on base; Rocky Mountain 5 - Capital District 3
TOP OF THE 9TH
Rocky Mountain Nuggets batting - Pitching for Capital District Red Knights : RHP Oswaldo Mobray
Batting: RHB Mark Melton 0-0: Called Strike
0-1: Ball
1-1: Ball
2-1: Foul Ball, location: 2F
2-2: Ball
3-2: Foul Ball, location: 2F
3-2: Foul Ball, location: 2F
3-2: Base on Balls
Batting: LHB Juan Ríos 0-0: Called Strike
0-1: Foul Ball, location: 2F
0-2: Strikes out looking
Mark Melton is caught stealing 2nd base
Batter strikes out.
Batting: RHB Iván Vega 0-0: Ball
1-0: Foul Ball, location: 2F
1-1: Ball
2-1: Foul Ball, location: 2F
2-2: Ball
3-2: Foul Ball, location: 2F
3-2: Foul Ball, location: 2F
3-2: Base on Balls
Batting: LHB Javier Sánchez 0-0: Foul Ball, location: 2F
0-1: Ball
Iván Vega steals 2nd base
1-1: Ball
2-1: Foul Ball, location: 2F
2-2: Foul Ball, location: 2F
2-2: SINGLE (Groundball, 56D)
Iván Vega to third
Runner from 3rd tries for Home, SAFE, no throw
Batting: RHB Andrés Rodríguez 0-0: Foul Ball, location: 2F
0-1: Foul Ball, location: 2F
0-2: Ball
1-2: Fly out, F3 (Popup, 3S)
Top of the 9th over - 1 run(s), 1 hit(s), 0 error(s), 1 left on base; Rocky Mountain 6 - Capital District 3
BOTTOM OF THE 9TH
Capital District Red Knights batting - Pitching for Rocky Mountain Nuggets : RHP Jorge Garza
Pitching: RHP Kenny Powers
Batting: RHB Danilo Mosca 0-0: SINGLE (Groundball, 25) (infield hit)
Batting: RHB José Paz 0-0: Ball
1-0: Foul Ball, location: 2F
1-1: Ball
2-1: Foul Ball, location: 2F
2-2: Foul Ball, location: 2F
2-2: Fly out, F7 (Flyball, 7)
Batting: RHB Sergio Ortíz 0-0: Called Strike
0-1: Foul Ball, location: 2F
0-2: Ball
1-2: Ball
2-2: Ball
3-2: Fly out, F6 (Popup, 6MD)
Batting: RHB Barry Dempsey 0-0: Ball
1-0: Ball
2-0: Ball
3-0: Called Strike
3-1: Base on Balls
Danilo Mosca to second
Batting: RHB Reggie Kahn 0-0: Ball
1-0: Ball
2-0: Ball
3-0: Base on Balls
Danilo Mosca to third
Barry Dempsey to second
Batting: LHB Mike Cook 0-0: Swinging Strike
0-1: Foul Ball, location: 2F
0-2: Ball
1-2: Ball
2-2: Ball
3-2: Base on Balls
Danilo Mosca scores
Barry Dempsey to third
Reggie Kahn to second
Batting: RHB Alfonso Enríquez 0-0: Ball
1-0: Called Strike
1-1: Called Strike
1-2: Strikes out swinging
Bottom of the 9th over - 1 run(s), 1 hit(s), 0 error(s), 3 left on base; Rocky Mountain 6 - Capital District 4
Friday, December 30th, 2016 - OOTP Baseball 17.12 Build 75